AoeStats
← Kurzen

Four Lakes

509675908Analyzed
1v1 RM · 3d ago on Sep 27, 2026· 27m 56s· 2 players
Game mode
Random Map
Map size
Tiny (2 player)
Population
200
Speed
Normal
Resources
Standard
Victory
Conquest
Starting age
Dark Age
Ending age
Imperial Age
RankedLock teamsTeams togetherTeam positionsShared explorationLock speedFull tech treeHidden civsTurbo modeCheats
Victory
Defeat
🇫🇷 Japanese · France
1218
+15
🇩🇪 Japanese · Germany
1186
-15
laxomat33
7:32 Loom
10:09 Feudal Age
10:33 Man-at-Arms
11:01 Double-Bit Axe
14:19 Arson
16:30 Wheelbarrow
16:14 Fletching
22:13 Castle Age
20:02 Horse Collar
20:13 Gold Mining
22:24 Padded Archer Armor
23:05 Bodkin Arrow
22:36 Crossbowman
23:49 Hand Cart
25:53 Bow Saw
26:52 Stone Mining
Kurzen
12:24 Feudal Age
10:43 Loom
12:29 Feudal Age
12:59 Man-at-Arms
14:45 Scale Mail Armor
15:24 Arson
15:53 Forging
17:35 Wheelbarrow
17:48 Stone Mining
21:22 Castle Age
20:20 Horse Collar
20:58 Fletching
21:51 Gambesons
22:07 Squires
21:59 Long Swordsman
26:37 Chain Mail Armor
28:06 Iron Casting
Connection lost

Rejoining the realm…

Still unreachable

The connection could not be restored.

Session expired

The server has moved on; the page needs a fresh start.